 Dungeon Crawl Stone Soup version 0.26-b1-32-g5d43845318 (webtiles) character file.

Game seed: 9476943358848518322

67 Borgoz the Ducker (level 4, -7/38 HPs)
             Began as a Ghoul Gladiator on Jan 13, 2021.
             Killed from afar by Ijyb (20 damage)
             ... with a bolt of acid
             ... on level 3 of the Dungeon.
             The game lasted 00:01:45 (2281 turns).

Borgoz the Ducker (Ghoul Gladiator)                 Turns: 2281, Time: 00:01:46

Health: -7/38      AC:  4    Str: 17    XL:     4   Next: 18%
Magic:  3/3        EV: 12    Int:  3    God:
Gold:   80         SH:  0    Dex: 11    Spells: 3/3 levels left

rFire    . . .     SeeInvis .   a - +0 flail
rCold    + . .     Faith    .   (no shield)
rNeg     + + +     Spirit   .   b - +0 leather armour
rPois    ∞         Reflect  .   c - +0 helmet
rElec    .         Harm     .   (no cloak)
rCorr    .         Rampage  .   (no gloves)
Will     .....                  (no boots)
Stlth    +.........             h - amulet of the acrobat
HPRegen  0.00/turn              (no ring)
MPRegen  0.08/turn              (no ring)

@: no status effects
A: claws 1, cold resistance 1, negative energy resistance 3, inhibited
regeneration, torment resistance, unbreathing
a: no special abilities


You were on level 3 of the Dungeon.
You visited 1 branch of the dungeon, and saw 3 of its levels.

You collected 80 gold pieces.

Inventory:

Hand Weapons
 a - a +0 flail (weapon)
Missiles
 d - 2 throwing nets (quivered)
Armour
 b - a +0 leather armour (worn)
 c - a +0 helmet (worn)
Jewellery
 h - an amulet of the acrobat (around neck)
Scrolls
 g - a scroll of blinking
Potions
 e - a potion of lignification {unknown}
 f - a potion of invisibility
 i - a potion of might {unknown}
 j - a potion of flight
 k - a potion of curing
 l - a potion of berserk rage {unknown}


   Skills:
 * Level 3.0 Fighting
 * Level 3.2 Maces & Flails
 - Level 1.7 Throwing
 * Level 1.4 Armour
 * Level 3.2 Dodging


You had 3 spell levels left.
You didn't know any spells.
Your spell library was empty.

Dungeon Overview and Level Annotations

Branches:
Dungeon (3/15)

Altars:

Annotations:
D:3 Ijyb


Innate Abilities, Weirdness & Mutations

You thrive by killing the living.
You are immune to poison.
You have sharp fingernails.
Your flesh is cold resistant. (rC+)
You are immune to negative energy. (rN+++)
You do not regenerate when monsters are visible.
You are immune to unholy pain and torment.
You can survive without breathing.


Message History

Ijyb barely misses you. Ijyb hits you but does no damage.
You hit Ijyb but do no damage.
Ijyb is lightly wounded.
Ijyb hits you with a +0 dagger.
You are too injured to fight recklessly!
You hit Ijyb but do no damage.
Ijyb is lightly wounded.
Ijyb hits you with a +0 dagger.
Throw: 3 throwing nets
Press: ? - help, Q - select action Shift-Dir - straight line, f - Ijyb
Aim: Ijyb, wielding a +0 dagger, wearing a +0 scale mail and carrying a wand of acid (7) (lightly wounded)
You throw a throwing net. The throwing net hits Ijyb.
Ijyb is caught in the net!
Ijyb is lightly wounded.
Ijyb struggles against the net.
You hit Ijyb but do no damage.
Ijyb is lightly wounded.
Ijyb zaps a wand.
The bolt of acid hits you!!
Ouch! That really hurt!
You die...

#. .# ##.### .#
. ..###.#
#.#.#.#.##
##.##.#.#....#
.....?....>#
#....#.#..# ...
#.#[.# . #@#..#
#g#..######
#.#........
#.#.############
..#..........<.#
################


You could see Ijyb (caught).

Vanquished Creatures
  3 adders (D:2)
  A worm (D:2)
  3 dart slugs
  7 goblins
  3 hobgoblins (D:1)
  3 jackals (D:1)
  3 kobolds
  A ball python (D:2)
  3 bats
  2 frilled lizards (D:2)
  3 rats (D:1)
32 creatures vanquished.

Notes
Turn   | Place    | Note
-------+----------+-------------------------------------------
     0 | D:1      | Borgoz the Ghoul Gladiator began the quest for the Orb.
     0 | D:1      | Reached XP level 1. HP: 17/17 MP: 0/0
   170 | D:1      | You fall into a shaft and drop 1 floor!
   182 | D:2      | Reached XP level 2. HP: 11/25 MP: 1/1
   624 | D:2      | Reached skill level 1 in Armour
   624 | D:2      | Reached XP level 3. HP: 13/30 MP: 2/2
  1834 | D:2      | Reached XP level 4. HP: 27/38 MP: 3/3
  2269 | D:3      | Noticed Ijyb
  2281 | D:3      | Killed from afar by Ijyb

Illustrated notes

Levels and vault maps discovered:
D:1:      psy_arrival_radial01, layout_basic, serial_glass, glass_columns_b,
          glass_columns_c, feat_on_display, item_on_display_a
D:2:      layout_loops_cross
D:3:      layout_basic, elyvilon_altar_5, nzn_wu_jian_council_hall,
          uniq_sigmund, uniq_terence, uniq_ijyb

Skill      XL: |  1  2  3 |
---------------+----------+-----
Maces & Flails | 3 |  3.2
Armour         | 1 |  1.4
Dodging        | 3 |  3.2
Fighting       | 3 |  3.0
Throwing       | |  1.7

Action                   |  1- 3 |  4- 6 || total
-------------------------+-------+-------++-------
Melee: Flail             |   124 |    19 ||   143
Throw: Throwing net      |       |     1 ||     1
  Use: Scroll            |     7 |     1 ||     8
Armor: Leather armour    |    32 |     5 ||    37
Dodge: Dodged            |    79 |     9 ||    88
